[Event "Titled Tuesday Blitz November 08 Early 2022"]
[White "Noboa Silva, Kevin"]
[Black "Akbas, Umut Ata"]
[WhiteFideId "3618471"]
[BlackFideId "44572646"]
[WhiteElo "2178"]
[BlackElo "2192"]
[Result "1-0"]
[Round "06"]
[TimeControl "180+1"]
[Date "2022.11.09"]
[WhiteClock "0:00:29"]
[BlackClock "0:00:38"]

1. d4 g6 2. e4 Bg7 3. Nf3 c6 4. h3 d5 5. e5 h5 6. c3 Nh6 7. Bf4 Nf5 8. Bd3 c5 9. Qd2 Nc6 10. Bb5 Qb6 11. Bxc6+ Qxc6 12. O-O Be6 13. Na3 O-O-O 14. Nc2 c4 15. b3 f6 16. bxc4 dxc4 17. Nb4 Qb5 18. a4 Qa5 19. Rfe1 Rhe8 20. g4 hxg4 21. hxg4 Nh4 22. Nxh4 g5 23. exf6 exf6 24. Rxe6 Rxe6 25. Nf5 gxf4 26. Nxg7 Qg5 27. Nxe6 Qxg4+ 28. Kf1 Qh3+ 29. Ke1 Qh1+ 30. Ke2 Qh5+ 31. f3 Rg8 32. Rf1 Rg2+ 33. Rf2 Rxf2+ 34. Kxf2 Qh2+ 35. Ke1 Qg1+ 36. Ke2 Qg2+ 37. Kd1 Qxf3+ 38. Kc1 Qh1+ 39. Qd1 f3 40. Qxh1 1-0


[Site "https://www.chess.com"]

[Event "Titled Tuesday Blitz November 08 Early 2022"]
[White "Nouri, Alekhine"]
[Black "Swiercz, Dariusz"]
[WhiteFideId "5216184"]
[BlackFideId "1126881"]
[WhiteElo "2151"]
[BlackElo "2627"]
[Result "1/2-1/2"]
[Round "06"]
[TimeControl "180+1"]
[Date "2022.11.08"]
[WhiteClock "0:00:23"]
[BlackClock "0:00:23"]

1. e4 c5 2. Nc3 Nc6 3. Bb5 Nd4 4. Nf3 a6 5. Bd3 Nc6 6. O-O e6 7. e5 d5 8. exd6 Bxd6 9. Re1 Nf6 10. b3 O-O 11. Bb2 e5 12. a4 Bg4 13. h3 Bh5 14. Ne4 Nd4 15. Bxd4 exd4 16. Qe2 Nd5 17. Nxd6 Qxd6 18. Qe5 Qxe5 19. Rxe5 Bxf3 20. gxf3 Nf4 21. Be4 Rae8 22. Rxc5 Re7 23. Rf5 Nxh3+ 24. Kh2 g6 25. Rd5 Nf4 26. Rxd4 Kg7 27. Rb4 Rd8 28. d3 Rdd7 29. a5 Ne2 30. f4 Nxf4 31. Bf3 Ne6 32. Rc4 Ng5 33. Bg2 Re2 34. Kg3 Ne6 35. Bf3 Re5 36. Raa4 h5 37. Rab4 Rg5+ 38. Kh3 Rxa5 39. Rxb7 Rxb7 40. Bxb7 Ra1 41. Kh2 g5 42. Bf3 Nf4 43. Rc7 Kg6 44. Be4+ Kf6 45. b4 g4 46. Kg3 Ne2+ 47. Kh2 h4 48. Rc6+ Kg5 49. Rc5+ Kh6 50. Rf5 Nd4 51. Rxf7 Nxc2 52. Rf6+ Kg5 53. Rf5+ Kh6 54. Rf8 Nxb4 55. Rh8+ Kg5 56. Rg8+ Kf4 57. Rf8+ Kg5 58. Rg8+ Kf4 59. Rf8+ Ke5 60. Rg8 Ra2 61. Kg1 g3 62. fxg3 hxg3 63. Rxg3 Nc2 64. Kf2 Nd4+ 65. Ke1 Ra1+ 66. Kd2 Ra2+ 67. Kc3 Ne2+ 68. Kb3 Nxg3 69. Kxa2 Kd4 70. Kb3 Kc5 71. Ka4 Ne2 72. Ka5 Kd4 73. Kxa6 Nc1 74. Kb5 Ne2 75. Kb4 Nf4 76. Kb3 Ne2 77. Kc2 Nf4 78. Kd2 Ne6 79. Bf5 Nc5 80. Be4 Nb3+ 81. Ke2 Nc5 82. Kf3 Na4 83. Kf4 Nc3 84. Bg6 Nd1 85. Kf3 Nc3 86. Kf2 Nb5 87. Ke1 Nd6 88. Kd2 Nc8 89. Bf7 Ne7 90. Be6 Nc6 91. Bf5 Ne5 92. Be4 Ng4 93. Kc2 Nf6 94. Kb3 Ng4 95. Bh7 Nf2 96. Kb4 Nd1 97. Bf5 Ne3 98. Be4 Nc2+ 99. Kb3 Ne3 100. Kb2 Ng4 101. Kc1 Nf6 102. Kd2 Nd7 103. Ke2 Ne5 104. Kf2 Nd7 105. Kg3 Nf6 106. Kf4 Nd7 107. Kf5 Nc5 108. Kf6 Nxd3 1/2-1/2


[Site "https://www.chess.com"]

[Event "Titled Tuesday Blitz November 08 Early 2022"]
[White "Odegov, Artem"]
[Black "Tari, Aryan"]
[WhiteFideId "34183644"]
[BlackFideId "1510045"]
[WhiteElo "2596"]
[BlackElo "2897"]
[Result "0-1"]
[Round "06"]
[TimeControl "180+1"]
[Date "2022.11.09"]
[WhiteClock "0:00:01"]
[BlackClock "0:00:46"]

1. d4 d5 2. c4 e6 3. Nc3 c5 4. cxd5 cxd4 5. Qxd4 Nc6 6. Qd1 exd5 7. Nf3 Nf6 8. e3 Bb4 9. Be2 Ne4 10. O-O Nxc3 11. bxc3 Bxc3 12. Rb1 O-O 13. Ba3 Re8 14. Qb3 Qf6 15. Rfc1 Ba5 16. Qxd5 Bb6 17. Bb2 Be6 18. Qxc6 bxc6 19. Bxf6 gxf6 20. Bc4 Bf5 21. Rb3 Rad8 22. Bf1 Rd6 23. Rbc3 Be4 24. Rc4 Bd5 25. Rg4+ Kf8 26. a4 a5 27. Nd4 Re4 28. Rxe4 Bxe4 29. Rc4 Bd5 30. Rc1 Bxd4 31. exd4 Bb3 32. Rc5 Rxd4 33. Rxc6 Rd1 34. Rc5 Ra1 35. f3 Rxa4 36. Rc8+ Kg7 37. Ra8 Ra1 38. Kf2 a4 39. Bb5 a3 40. Ba4 Be6 41. Ra7 a2 42. Bb5 Rc1 0-1


[Site "https://www.chess.com"]

[Event "Titled Tuesday Blitz November 08 Early 2022"]
[White "Omariev, Maksim"]
[Black "Chakraborty, Dipro"]
[WhiteFideId "4193423"]
[BlackFideId "2045524"]
[WhiteElo "2409"]
[BlackElo "2130"]
[Result "0-1"]
[Round "06"]
[TimeControl "180+1"]
[Date "2022.11.09"]
[WhiteClock "0:00:02"]
[BlackClock "0:00:06"]

1. e4 g6 2. d3 Bg7 3. Nc3 d6 4. Be3 c5 5. h4 h5 6. Nh3 Nc6 7. Ng5 Nf6 8. Be2 Ng4 9. Bxg4 hxg4 10. e5 Nxe5 11. Qd2 b6 12. f4 gxf3 13. Nxf3 Bb7 14. Nxe5 Bxe5 15. O-O-O Qd7 16. d4 cxd4 17. Bxd4 Bxd4 18. Qxd4 O-O-O 19. Rh2 Kb8 20. g4 Rh7 21. Rd3 Rdh8 22. Rdh3 Bc8 23. Nd5 Qxg4 24. Qc3 Qg1+ 25. Kd2 Qc5 26. Rd3 Rxh4 27. Rxh4 Rxh4 28. Qxc5 dxc5 29. Nxe7 Be6 30. Rd8+ Kc7 31. Rf8 Rd4+ 32. Kc3 Rd7 33. Ng8 Rd8 34. Rxd8 Kxd8 35. Nf6 Ke7 36. Ne4 f6 37. a4 g5 38. b4 cxb4+ 39. Kxb4 Bd5 40. Nc3 Bf3 41. a5 g4 42. Nb5 bxa5+ 43. Kxa5 g3 44. Nd4 Be4 0-1


[Site "https://www.chess.com"]

[Event "Titled Tuesday Blitz November 08 Early 2022"]
[White "Orozbaev, Eldiar"]
[Black "Bluebaum, Matthias"]
[WhiteFideId "13802240"]
[BlackFideId "24651516"]
[WhiteElo "2244"]
[BlackElo "2633"]
[Result "0-1"]
[Round "06"]
[TimeControl "180+1"]
[Date "2022.11.08"]
[WhiteClock "0:00:17"]
[BlackClock "0:00:14"]

1. e4 e6 2. d4 d5 3. Nd2 c5 4. Ngf3 cxd4 5. Nxd4 Nf6 6. Bd3 e5 7. N4f3 dxe4 8. Nxe4 Nxe4 9. Bxe4 Qxd1+ 10. Kxd1 f6 11. c3 Nc6 12. Kc2 Be6 13. Re1 Rc8 14. Bd2 Be7 15. b3 O-O 16. Kb2 Rfd8 17. Rad1 Bc5 18. Be3 Rxd1 19. Rxd1 Bxe3 20. fxe3 Kf7 21. Rf1 Kg8 22. Nd2 Rd8 23. Kc2 Rd7 24. a3 Ne7 25. c4 f5 26. Bd3 e4 27. Be2 Nc6 28. Nb1 Ne5 29. Nc3 g6 30. Nb5 a6 31. Nd4 Bf7 32. Rd1 h5 33. h4 Kf8 34. Kc3 Ke7 35. Rd2 Rc7 36. Kb2 Be8 37. Rc2 b6 38. Rd2 Bd7 39. Nc2 Be6 40. Nb4 a5 41. Nc2 a4 42. Nd4 axb3 43. Nxe6 Kxe6 44. Kxb3 Ra7 45. Rd5 Nd7 46. Rb5 Kd6 47. Rd5+ Kc6 48. Kb2 Nc5 49. Rd8 Na4+ 50. Kc2 Nc5 51. Kb2 Rf7 52. Rg8 Rf6 53. Rd8 f4 54. exf4 Rxf4 55. Rg8 Rf2 56. Rxg6+ Kb7 57. Rg5 Rxe2+ 58. Kc3 e3 59. Rxh5 Rxg2 60. Re5 e2 61. h5 Rh2 62. h6 Ka6 63. h7 Rxh7 64. Rxe2 Rh3+ 65. Kb2 Na4+ 66. Kc2 Rxa3 67. Re5 Rc3+ 68. Kb1 Rxc4 69. Ka2 Nc5 70. Re8 Kb5 71. Kb2 Rb4+ 72. Kc3 Rc4+ 73. Kb2 Rh4 74. Re2 Rh3 75. Rf2 Nd3+ 0-1


[Site "https://www.chess.com"]

[Event "Titled Tuesday Blitz November 08 Early 2022"]
[White "Orzech, Dominik"]
[Black "Mills, Morgen"]
[WhiteFideId "1115065"]
[BlackFideId "2013304"]
[WhiteElo "2272"]
[BlackElo "2274"]
[Result "1-0"]
[Round "06"]
[TimeControl "180+1"]
[Date "2022.11.09"]
[WhiteClock "0:00:28"]
[BlackClock "0:00:01"]

1. g3 d5 2. Bg2 e5 3. c4 c6 4. Qb3 dxc4 5. Qxc4 Be6 6. Qc2 Nf6 7. Nf3 Nbd7 8. Ng5 Qe7 9. O-O h6 10. Nxe6 Qxe6 11. d3 Bc5 12. Nd2 Bb6 13. Nc4 O-O 14. b4 Nd5 15. Rb1 Rfd8 16. a4 Bc7 17. b5 cxb5 18. Rxb5 N7b6 19. a5 a6 20. Rxb6 Bxb6 21. Bxd5 Bxf2+ 22. Rxf2 Qxd5 23. Nb6 Qxa5 24. Nxa8 Rxa8 25. Bb2 f6 26. Qb3+ Kh7 27. Qxb7 Rf8 28. Qe4+ Kh8 29. Kg2 Qb5 30. d4 Qxb2 31. dxe5 Qb6 32. e6 Re8 33. e7 Qd6 34. Rf1 Rxe7 35. Qa8+ Kh7 36. Rf2 Qe5 37. Qxa6 Qe4+ 38. Kg1 Qe3 39. Qd3+ Qxd3 40. exd3 Rd7 41. Rd2 Kg6 42. Kf2 Kf7 43. Ke3 Ke6 44. d4 Kd5 45. Ra2 Rb7 46. Ra5+ Kd6 47. Ke4 g6 48. Ra6+ Ke7 49. h4 h5 50. Rc6 Ra7 51. Kd5 Ra5+ 52. Rc5 Ra3 53. Rc7+ Kd8 54. Rf7 Rxg3 55. Rxf6 Ke7 56. Ra6 Rg4 57. Ra7+ Kd8 58. Ke5 Rxh4 59. d5 Rh1 60. Kd6 Kc8 61. Ra8+ Kb7 62. Rg8 Rd1 63. Rxg6 h4 64. Rh6 1-0


[Site "https://www.chess.com"]

[Event "Titled Tuesday Blitz November 08 Early 2022"]
[White "Osmonbekov, Talaibek"]
[Black "Aaditya Dhingra"]
[WhiteFideId "2017253"]
[BlackFideId "25678191"]
[WhiteElo "2135"]
[BlackElo "2054"]
[Result "1-0"]
[Round "06"]
[TimeControl "180+1"]
[Date "2022.11.09"]
[WhiteClock "0:00:06"]
[BlackClock "0:00:01"]

1. d4 Nf6 2. Bf4 g6 3. Nc3 d5 4. e3 Bg7 5. h4 O-O 6. h5 c5 7. h6 Bh8 8. Nb5 Na6 9. c3 Bd7 10. a4 c4 11. b3 cxb3 12. Qxb3 Qa5 13. Bd3 Rfc8 14. Ne2 Ne4 15. O-O Nd2 16. Qxd5 Bc6 17. Qg5 Bf6 18. Qg3 Nxf1 19. Rxf1 Qxa4 20. Rb1 Bxb5 21. Bxb5 Qc2 22. Re1 Qd2 23. f3 Nc7 24. Bc4 Ne8 25. Bb3 Qb2 26. Bd5 a5 27. e4 a4 28. e5 Bh8 29. e6 f6 30. Be4 Kf8 31. Bxg6 hxg6 32. Qxg6 Nd6 33. Bxd6 exd6 34. Qf7# 1-0


[Site "https://www.chess.com"]

[Event "Titled Tuesday Blitz November 08 Early 2022"]
[White "Ostrovskiy, Aleksandr"]
[Black "Nurmanova, Alua"]
[WhiteFideId "2034239"]
[BlackFideId "13729390"]
[WhiteElo "2340"]
[BlackElo "2120"]
[Result "0-1"]
[Round "06"]
[TimeControl "180+1"]
[Date "2022.11.09"]
[WhiteClock "0:00:02"]
[BlackClock "0:00:53"]

1. d4 Nf6 2. Bf4 g6 3. Nc3 d5 4. e3 Bg7 5. h4 h5 6. Nf3 O-O 7. Ne5 c5 8. Qd2 Nc6 9. Nxc6 bxc6 10. dxc5 Qa5 11. a3 Nd7 12. b4 Qd8 13. Be2 a5 14. Rb1 axb4 15. axb4 Ra3 16. Nd1 e5 17. Bg3 Qe7 18. O-O Nf6 19. f3 d4 20. e4 Nxe4 21. Qe1 Nxg3 22. Qxg3 Bf5 23. Nf2 Bxc2 24. Rbc1 d3 25. Bd1 Bh6 26. Rxc2 dxc2 27. Bxc2 Ra2 28. Bb3 Rb2 29. Qxg6+ Bg7 30. Qd3 Rd8 31. Qc4 e4 32. Nxe4 Rd4 33. Qxf7+ Qxf7 34. Bxf7+ Kxf7 35. Ng5+ Kg6 36. Re1 Rdd2 37. Re6+ Kf5 38. Re7 Rxg2+ 39. Kf1 Rbf2+ 40. Ke1 Bc3+ 41. Kd1 Rd2+ 42. Kc1 Rg1+ 0-1


[Site "https://www.chess.com"]

[Event "Titled Tuesday Blitz November 08 Early 2022"]
[White "Ozen, Bahadir"]
[Black "Ter-Sahakyan, Samvel"]
[WhiteFideId "6337058"]
[BlackFideId "13302531"]
[WhiteElo "2503"]
[BlackElo "2584"]
[Result "1/2-1/2"]
[Round "06"]
[TimeControl "180+1"]
[Date "2022.11.08"]
[WhiteClock "0:00:05"]
[BlackClock "0:00:05"]

1. g3 d5 2. Nf3 g6 3. Bg2 Bg7 4. O-O e5 5. d3 Nc6 6. c3 Nf6 7. Nbd2 O-O 8. Qc2 Re8 9. e4 a5 10. Re1 h6 11. b3 Be6 12. a3 Qd7 13. Bb2 b6 14. exd5 Bxd5 15. c4 Bxf3 16. Nxf3 Rad8 17. Rad1 Nh7 18. Bc3 Ng5 19. Nxg5 hxg5 20. Qc1 Bf6 21. b4 axb4 22. axb4 Nd4 23. Bxd4 Qxd4 24. Re4 Qd7 25. Ree1 Kg7 26. Qe3 Qd6 27. c5 Qd4 28. Qxd4 Rxd4 29. cxb6 cxb6 30. b5 Rc8 31. Bc6 Rcd8 32. Re3 g4 33. Kg2 Ra4 34. Re4 Rdd4 35. Rxd4 Rxd4 36. h3 gxh3+ 37. Kxh3 Be7 38. Re1 Kf6 39. Re3 Bc5 40. Rf3+ Ke7 41. Kg2 f5 42. Re3 Kd6 43. Rf3 Rb4 44. Be8 f4 45. Bxg6 fxg3 46. fxg3 Rxb5 47. g4 Rb1 48. Be4 Rg1+ 49. Kh3 b5 50. Rf6+ Ke7 51. Rc6 Bd4 52. Rc7+ Kd6 53. Rb7 Kc5 54. Kh4 Be3 55. Kh5 b4 56. Bf5 Bd2 57. Kg6 Kd4 58. Kf7 Kc3 59. Be6 Rf1+ 60. Ke7 Kxd3 61. Rc7 Ke3 62. Rb7 Kd4 63. Kd6 e4 64. Rb5 Bf4+ 65. Kd7 Kc3 66. Rc5+ Kb2 67. Rc4 Bd2 68. Rxe4 Bc3 69. g5 Rg1 70. Rg4 Rd1+ 71. Kc6 Re1 72. Kd7 Rd1+ 73. Kc6 Re1 74. Kd7 1/2-1/2


[Site "https://www.chess.com"]

[Event "Titled Tuesday Blitz November 08 Early 2022"]
[White "Papasimakopoulos, Alexandros"]
[Black "Namitbir Singh Walia"]
[WhiteFideId "4244125"]
[BlackFideId "35071068"]
[WhiteElo "2365"]
[BlackElo "2239"]
[Result "0-1"]
[Round "06"]
[TimeControl "180+1"]
[Date "2022.11.09"]
[WhiteClock "0:00:09"]
[BlackClock "0:00:18"]

1. d4 Nf6 2. c4 e6 3. Nc3 Bb4 4. Qc2 d5 5. cxd5 Qxd5 6. Nf3 Qf5 7. Qxf5 exf5 8. a3 Be7 9. Bf4 c6 10. e3 Be6 11. Bd3 h6 12. Ke2 Nbd7 13. Rhc1 a5 14. h4 O-O 15. Ne5 Nxe5 16. Bxe5 Nd7 17. Bg3 Nb6 18. h5 a4 19. f3 Rfe8 20. Kf2 Nc4 21. Rc2 Bg5 22. f4 Bf6 23. Re1 Na5 24. Rcc1 Nb3 25. Rc2 Red8 26. Kf1 Be7 27. Bf2 Bf6 28. g3 Na5 29. Kg2 Bb3 30. Rce2 Bd5+ 31. Nxd5 Rxd5 32. Rc2 Nb3 33. Bc4 Rda5 34. Rc3 Nd2 35. Bd3 Ne4 36. Rc2 g6 37. hxg6 fxg6 38. Rh1 Nxf2 39. Kxf2 Kg7 40. Kf3 h5 41. Rhh2 Rh8 42. Rc4 Rha8 43. Rb4 b5 44. e4 fxe4+ 45. Bxe4 Be7 46. Bxc6 Rb8 47. d5 Bxb4 48. axb4 Ra6 49. Rc2 a3 50. bxa3 Rxa3+ 51. Kg2 Rd3 52. Rc5 Rd4 53. Bxb5 Rxb4 54. Rc7+ Kh6 55. Bc6 Rb2+ 56. Kh3 Rd2 57. Re7 Rbb2 58. g4 Rb3+ 59. Kh4 Rh2# 0-1


[Site "https://www.chess.com"]

[Event "Titled Tuesday Blitz November 08 Early 2022"]
[White "Peyrer, Konstantin"]
[Black "Kouskoutis, Georgios-Alexandros"]
[WhiteFideId "1640879"]
[BlackFideId "4234049"]
[WhiteElo "2415"]
[BlackElo "2187"]
[Result "1-0"]
[Round "06"]
[TimeControl "180+1"]
[Date "2022.11.09"]
[WhiteClock "0:01:07"]
[BlackClock "0:00:01"]

1. e4 c5 2. Nf3 e6 3. d4 cxd4 4. Nxd4 Nc6 5. Nc3 Qc7 6. Be3 a6 7. Qf3 Nf6 8. O-O-O Nxd4 9. Bxd4 e5 10. Be3 Bb4 11. Bd2 O-O 12. a3 Bxc3 13. Bxc3 d5 14. Rxd5 Nxd5 15. exd5 Bd7 16. Bd3 a5 17. Re1 Rfe8 18. Qg3 f6 19. Qh4 f5 20. f3 b5 21. Qg3 f4 22. Qg5 Qd8 23. Qh5 g6 24. Bxg6 hxg6 25. Qxg6+ Kf8 26. Rxe5 Rxe5 27. Bxe5 Qe7 28. Bd6 Qxd6 29. Qxd6+ Ke8 30. Qxf4 1-0


[Site "https://www.chess.com"]

[Event "Titled Tuesday Blitz November 08 Early 2022"]
[White "Piesik, Piotr"]
[Black "Kuznetsova, Olga"]
[WhiteFideId "1136194"]
[BlackFideId "4191323"]
[WhiteElo "2316"]
[BlackElo "2134"]
[Result "1-0"]
[Round "06"]
[TimeControl "180+1"]
[Date "2022.11.09"]
[WhiteClock "0:00:35"]
[BlackClock "0:00:04"]

1. Nf3 d5 2. g3 Nf6 3. Bg2 e6 4. O-O Be7 5. d3 O-O 6. Nbd2 b6 7. e4 Bb7 8. Qe2 c5 9. e5 Ne8 10. c3 Nc6 11. h4 Qc7 12. Re1 d4 13. c4 g6 14. h5 Ng7 15. Nf1 Nxh5 16. Bh6 Rfe8 17. N1h2 Bf8 18. Qd2 Ne7 19. Bxf8 Rxf8 20. g4 Ng7 21. Qh6 f6 22. exf6 Rxf6 23. Ng5 Bxg2 24. Qxh7+ Kf8 25. Qh8+ Ng8 26. Nh7+ Kf7 27. Nxf6 Nxf6 28. Qh4 Bb7 29. g5 Nf5 30. Qh3 Nh5 31. Ng4 Qf4 32. Nh6+ Kf8 33. Rxe6 Qxg5+ 34. Ng4 Re8 35. Rxe8+ Kxe8 36. Re1+ Kf8 37. Kf1 Qf4 38. Ne5 Bc8 39. Nxg6+ Kf7 40. Nxf4 Nxf4 41. Qh7+ Ng7 42. Re4 Ng6 43. Qh2 Bf5 44. Qc7+ Kg8 45. f3 Bxe4 46. fxe4 Ne6 47. Qxa7 Nef4 48. Qxb6 Kg7 49. a4 Nxd3 50. a5 Nb4 51. a6 d3 52. a7 d2 53. Ke2 1-0


[Site "https://www.chess.com"]

[Event "Titled Tuesday Blitz November 08 Early 2022"]
[White "Postny, Evgeny"]
[Black "Shuvalov, Evgenij"]
[WhiteFideId "2804344"]
[BlackFideId "4187237"]
[WhiteElo "2795"]
[BlackElo "2548"]
[Result "0-1"]
[Round "06"]
[TimeControl "180+1"]
[Date "2022.11.09"]
[WhiteClock "0:00:33"]
[BlackClock "0:00:16"]

1. d4 Nf6 2. Nf3 g6 3. Bg5 Bg7 4. Nbd2 d5 5. e3 O-O 6. Be2 Bg4 7. O-O Nbd7 8. c4 e6 9. Qb3 c5 10. cxd5 exd5 11. h3 Bxf3 12. Nxf3 c4 13. Qxb7 Rb8 14. Qxa7 Rxb2 15. Bd1 Qa8 16. Qxa8 Rxa8 17. a4 Ne4 18. Be7 Bf8 19. Bxf8 Kxf8 20. a5 Nb8 21. Re1 Rb5 22. Bc2 f5 23. Ne5 Rbxa5 24. Rxa5 Rxa5 25. Rb1 Na6 26. f3 Nc3 27. e4 Nxb1 0-1


[Site "https://www.chess.com"]

[Event "Titled Tuesday Blitz November 08 Early 2022"]
[White "Pourkashiyan, Atousa"]
[Black "Ristic, Nebojsa B"]
[WhiteFideId "12502014"]
[BlackFideId "935468"]
[WhiteElo "2247"]
[BlackElo "2320"]
[Result "0-1"]
[Round "06"]
[TimeControl "180+1"]
[Date "2022.11.09"]
[WhiteClock "0:00:08"]
[BlackClock "0:00:28"]

1. e4 Nc6 2. Nf3 d6 3. d4 Nf6 4. Nc3 g6 5. Bc4 Bg7 6. O-O O-O 7. Re1 Bg4 8. Be3 Nxe4 9. Nxe4 d5 10. Bd3 dxe4 11. Bxe4 Nxd4 12. Bxd4 Bxf3 13. Qxf3 Qxd4 14. Bxb7 Rab8 15. c3 Qb6 16. Bd5 Qxb2 17. h4 Qxc3 18. Rac1 Qxf3 19. Bxf3 Bf6 20. Rxc7 a5 21. h5 Rb2 22. hxg6 hxg6 23. Re2 Rb1+ 24. Kh2 Rfb8 25. Ra7 R8b5 26. g3 R1b2 27. Kg2 Rxe2 28. Bxe2 Rb2 29. Kf3 Rxa2 30. Bb5 Rxf2+ 31. Ke4 Rf5 32. Bd7 Re5+ 33. Kf4 Kg7 34. g4 Rd5 35. Bc6 Rc5 36. Be8 Be5+ 37. Ke4 Bd6 38. Ra8 Rc4+ 39. Kf3 Rf4+ 40. Kg3 a4 41. Kh3 Rf3+ 42. Kh4 f6 43. g5 f5 44. Rxa4 Bc5 45. Ra2 Bf2+ 46. Rxf2 Rxf2 47. Kg3 Rf1 48. Bb5 Rg1+ 49. Kf4 Rg4+ 50. Ke5 Rxg5 51. Ke6 Kf8 0-1


[Site "https://www.chess.com"]

[Event "Titled Tuesday Blitz November 08 Early 2022"]
[White "Raahul V S"]
[Black "Samunenkov, Ihor"]
[WhiteFideId "25035525"]
[BlackFideId "14187086"]
[WhiteElo "2233"]
[BlackElo "2441"]
[Result "0-1"]
[Round "06"]
[TimeControl "180+1"]
[Date "2022.11.09"]
[WhiteClock "0:01:41"]
[BlackClock "0:01:05"]

1. c4 e6 2. g3 d5 3. Bg2 Nf6 4. Nf3 Be7 5. O-O O-O 6. b3 d4 7. e3 c5 8. exd4 cxd4 9. Re1 Nc6 10. d3 a5 11. Ne5 Nxe5 12. Rxe5 Ra7 13. Ba3 Nd7 14. Rb5 b6 15. Bxe7 Qxe7 16. a3 g6 17. Qd2 Ba6 18. Rg5 Nc5 19. Qf4 Nxd3 0-1


[Site "https://www.chess.com"]

[Event "Titled Tuesday Blitz November 08 Early 2022"]
[White "Reprintsev, Alexander"]
[Black "Krysa, Leandro"]
[WhiteFideId "14100541"]
[BlackFideId "116807"]
[WhiteElo "2230"]
[BlackElo "2485"]
[Result "0-1"]
[Round "06"]
[TimeControl "180+1"]
[Date "2022.11.09"]
[WhiteClock "0:00:55"]
[BlackClock "0:00:28"]

1. e4 g6 2. d4 Bg7 3. Nc3 d6 4. h4 Nf6 5. h5 Nxh5 6. Rxh5 gxh5 7. Qxh5 Bxd4 8. Bc4 e6 9. Nge2 Bf6 10. Be3 Nc6 11. O-O-O Bd7 12. f4 Qe7 13. g4 O-O-O 14. g5 Bg7 15. a3 h6 16. g6 fxg6 17. Qxg6 Qf6 18. Qh5 Rdg8 19. f5 Ne5 20. fxe6 Bxe6 21. Nd5 Bxd5 22. Bxd5 Rf8 23. Nd4 Kb8 24. Nf5 Rh7 25. Bd4 Bh8 26. Rf1 Qg5+ 27. Qxg5 hxg5 28. Bc3 g4 29. Rg1 Nf3 30. Rd1 Bxc3 31. bxc3 Rh5 32. Bc4 Rg5 33. Be2 Ne5 34. Rg1 g3 35. Rxg3 Rfxf5 0-1


[Site "https://www.chess.com"]

[Event "Titled Tuesday Blitz November 08 Early 2022"]
[White "Ronka, Erik"]
[Black "Timofeev, Artyom"]
[WhiteFideId "505080"]
[BlackFideId "4140419"]
[WhiteElo "2264"]
[BlackElo "2586"]
[Result "0-1"]
[Round "06"]
[TimeControl "180+1"]
[Date "2022.11.09"]
[WhiteClock "0:00:13"]
[BlackClock "0:01:02"]

1. e4 c5 2. Nf3 Nc6 3. d4 cxd4 4. Nxd4 e5 5. Nb5 a6 6. Nd6+ Bxd6 7. Qxd6 Qe7 8. Qxe7+ Ngxe7 9. c4 Nd4 10. Bd3 Nec6 11. Nc3 Nb4 12. Kd2 d6 13. Ne2 Ne6 14. Bb1 b5 15. a3 Nc6 16. Ba2 Nc5 17. Ke3 Bb7 18. Bd2 O-O 19. Rhd1 Kh8 20. g4 Rac8 21. Be1 bxc4 22. Bxc4 Nxe4 23. Kxe4 Nd4+ 24. Bd5 Bxd5+ 25. Kxd5 Nxe2 26. Kxd6 f6 27. Bb4 Rfd8+ 28. Ke7 Nd4 29. Rac1 Re8+ 30. Kf7 Ra8 31. Rc7 Ne6 32. Re7 Ng5# 0-1


[Site "https://www.chess.com"]

[Event "Titled Tuesday Blitz November 08 Early 2022"]
[White "Rose, Felix"]
[Black "Zainullina, Nataliya"]
[WhiteFideId "5105722"]
[BlackFideId "4145488"]
[WhiteElo "2039"]
[BlackElo "2085"]
[Result "1-0"]
[Round "06"]
[TimeControl "180+1"]
[Date "2022.11.09"]
[WhiteClock "0:00:21"]
[BlackClock "0:00:08"]

1. e4 c6 2. d4 d5 3. e5 Bf5 4. h4 h5 5. Bd3 e6 6. Nf3 Ne7 7. O-O Bxd3 8. Qxd3 c5 9. c4 cxd4 10. Qxd4 Nbc6 11. Qd3 dxc4 12. Qxc4 Nf5 13. Bg5 Be7 14. Nc3 O-O 15. Rad1 Qc7 16. Rfe1 Bxg5 17. hxg5 g6 18. g4 hxg4 19. Qxg4 Kg7 20. Kg2 Rh8 21. Nb5 Qa5 22. Nd6 Nxd6 23. Rxd6 Qxa2 24. Qf4 Kf8 25. Rd7 Nd8 26. Qf6 Ke8 27. Qe7# 1-0


[Site "https://www.chess.com"]

[Event "Titled Tuesday Blitz November 08 Early 2022"]
[White "Roux, Baptiste"]
[Black "Gonzalez Vega, Alejandro"]
[WhiteFideId "36017450"]
[BlackFideId "3510042"]
[WhiteElo "2077"]
[BlackElo "2290"]
[Result "1-0"]
[Round "06"]
[TimeControl "180+1"]
[Date "2022.11.09"]
[WhiteClock "0:00:05"]
[BlackClock "0:00:10"]

1. d4 d5 2. Bf4 Nf6 3. Nc3 c6 4. f3 Qb6 5. Na4 Qa5+ 6. c3 Qd8 7. Qc2 Nbd7 8. b4 Nh5 9. Bd2 e5 10. e3 Qh4+ 11. Kd1 exd4 12. exd4 Bd6 13. Ne2 O-O 14. Nc5 b6 15. Nd3 Re8 16. Kc1 Ba6 17. Kb2 c5 18. g4 Nhf6 19. Be1 Qh6 20. Bd2 Qg6 21. Nef4 Bxf4 22. Nxf4 Qxc2+ 23. Kxc2 Bxf1 24. Rhxf1 cxd4 25. cxd4 Rac8+ 26. Kd3 h6 27. h4 b5 28. Rac1 Nb6 29. Rc5 Rxc5 30. bxc5 Nc4 31. g5 Nxd2 32. Kxd2 hxg5 33. hxg5 Nh7 34. Rg1 g6 35. Nxd5 Rd8 36. Nf6+ Nxf6 37. gxf6 Rxd4+ 38. Ke3 Rc4 39. Rg5 b4 40. Kd3 Rc3+ 41. Kd2 a5 42. Rd5 Kh7 43. Rd7 Rxc5 44. Rxf7+ Kh6 45. Re7 Rf5 46. Re6 Kg5 47. Ke2 Rxf6 48. Re5+ Rf5 49. Re6 Rf6 50. Re5+ Rf5 51. Re8 Kf4 52. Re4+ Kg3 53. Rg4+ Kh3 54. Kf2 g5 55. Rc4 Rf4 56. Rc5 Kh4 57. Ke3 Kg3 58. Rxg5+ Kh4 59. Kxf4 a4 60. Rg6 b3 61. Rh6# 1-0


[Site "https://www.chess.com"]

[Event "Titled Tuesday Blitz November 08 Early 2022"]
[White "Rustemov, Alexander"]
[Black "Rosh Jain"]
[WhiteFideId "4119002"]
[BlackFideId "25789465"]
[WhiteElo "2654"]
[BlackElo "2233"]
[Result "1-0"]
[Round "06"]
[TimeControl "180+1"]
[Date "2022.11.09"]
[WhiteClock "0:00:29"]
[BlackClock "0:00:01"]

1. d4 Nf6 2. c4 e6 3. Nf3 d5 4. Nc3 Be7 5. Bf4 O-O 6. e3 b6 7. Rc1 Bb7 8. a3 c5 9. dxc5 bxc5 10. Be2 Nc6 11. cxd5 exd5 12. O-O a6 13. Qc2 Rc8 14. Rfd1 d4 15. Ne4 Nxe4 16. Qxe4 Na5 17. Qc2 Bf6 18. exd4 cxd4 19. Bc7 Qd7 20. b4 Nc6 21. Bb6 Nxb4 22. Qb3 Rxc1 23. Rxc1 Nc6 24. Rd1 Re8 25. Bf1 Ba8 26. Qc4 Rc8 27. Qxa6 Bb7 28. Qb5 Ra8 29. a4 Ba6 30. Qb3 Bxf1 31. Rxf1 Qb7 32. Rb1 Rb8 33. Qb5 Qd7 34. a5 d3 35. Rd1 Rc8 36. Qxd3 Qxd3 37. Rxd3 Nd4 38. g3 1-0


[Site "https://www.chess.com"]

[Event "Titled Tuesday Blitz November 08 Early 2022"]
[White "Sanchez, Robert"]
[Black "Arabidze, Meri"]
[WhiteFideId "2034360"]
[BlackFideId "13604040"]
[WhiteElo "2395"]
[BlackElo "2403"]
[Result "0-1"]
[Round "06"]
[TimeControl "180+1"]
[Date "2022.11.09"]
[WhiteClock "0:00:12"]
[BlackClock "0:00:13"]

1. e4 c5 2. Nf3 e6 3. d4 cxd4 4. Nxd4 Nc6 5. Nc3 a6 6. Be2 Nf6 7. O-O d6 8. Be3 Be7 9. f4 O-O 10. a4 Bd7 11. Nb3 Na5 12. Bf3 Nxb3 13. cxb3 Bc6 14. b4 d5 15. e5 Ne4 16. Bxe4 dxe4 17. b5 axb5 18. axb5 Rxa1 19. Qxa1 Qd3 20. Qc1 Bxb5 21. Rd1 Qc4 22. Rd4 Qc6 23. Nxb5 Qxb5 24. Rxe4 Ra8 25. Rc4 g6 26. Rc7 Qb4 27. h3 Kg7 28. f5 gxf5 29. Bh6+ Kg6 30. Rc4 Qb6+ 31. Kh2 Qf2 32. Rc3 Bh4 33. Bf4 Ra4 34. Bg3 Qd4 35. Bxh4 Qxh4 36. Rg3+ Rg4 37. Rf3 Rg5 38. Qe3 Qe4 39. Qxe4 fxe4 40. Rb3 Rxe5 41. Rxb7 e3 0-1


[Site "https://www.chess.com"]

[Event "Titled Tuesday Blitz November 08 Early 2022"]
[White "Sarkar, Justin"]
[Black "Korelskiy, Egor"]
[WhiteFideId "2010011"]
[BlackFideId "34329064"]
[WhiteElo "2239"]
[BlackElo "2043"]
[Result "1-0"]
[Round "06"]
[TimeControl "180+1"]
[Date "2022.11.09"]
[WhiteClock "0:00:16"]
[BlackClock "0:00:11"]

1. d4 d5 2. c4 e6 3. Nc3 c6 4. Nf3 dxc4 5. a4 Bb4 6. e3 b5 7. Bd2 a5 8. Rb1 Ba6 9. Ne5 Qc7 10. Qf3 Ra7 11. Nxc6 Qxc6 12. Qg3 Qc7 13. Qxg7 f6 14. Qxh8 Kf8 15. axb5 Bxc3 16. bxc3 Rb7 17. Be2 Bxb5 18. O-O Nc6 19. e4 Nd8 20. Bh6+ Kf7 21. Qxh7+ 1-0


[Site "https://www.chess.com"]